 Dungeon Crawl Stone Soup version 0.19.0-2-gae57169 (webtiles) character file.

345 aggelon the Ruffian (level 6, 0/61 HPs)
             Began as a Troll Berserker on Nov 5, 2016.
             Was a Priest of Trog.
             Succumbed to a water moccasin's poison
             ... on level 4 of the Dungeon.
             The game lasted 00:26:58 (2236 turns).

aggelon the Ruffian (Troll Berserker)               Turns: 2236, Time: 00:26:59

Health: 0/61       AC:  5    Str: 26    XL:     6   Next: 32%
Magic:  5/5        EV: 11    Int:  3    God:    Trog [***...]
Gold:   87         SH:  0    Dex: 11    Spells: 0 memorised, 5 levels left

rFire  . . .     SeeInvis +       - Unarmed
rCold  . . .     Gourm    +     a - +0 animal skin
rNeg   . . .     Faith    .     (no shield)
rPois  .         Spirit   .     (helmet restricted)
rElec  .         Reflect  .     (no cloak)
rCorr  .         Harm     .     (gloves unavailable)
MR     .....                    (boots unavailable)
Stlth  ++........               (no amulet)
                                l - ring of stealth
                                c - ring of see invisible

@: lethally poisoned (0 -> -21)
A: unfitting armour, claws 3, fast metabolism 3, gourmand, regeneration 1,
shaggy fur 1, tough skin 2
a: Berserk, Trog's Hand, Burn Spellbooks, Renounce Religion


You were on level 4 of the Dungeon.
You worshipped Trog.
Trog was most pleased with you.
You were completely stuffed.

You visited 1 branch of the dungeon, and saw 5 of its levels.

You collected 87 gold pieces.

Inventory:

Hand Weapons
 b - a +0 hunting sling
Missiles
 f - 63 stones (quivered)
Armour
 a - a +0 animal skin (worn)
Jewellery
 c - a ring of see invisible (left claw)
 l - a ring of stealth (right claw)
 m - an uncursed ring of stealth
Scrolls
 e - a scroll of teleportation
 i - 2 scrolls of amnesia
 j - a scroll of blinking {unknown}
Comestibles
 d - 3 bread rations
 g - 7 fruits
 h - a meat ration
 k - a slice of pizza
 n - a chunk of flesh


   Skills:
 + Level 3.3 Fighting
 * Level 2.2 Throwing
 + Level 3.3 Dodging
 + Level 5.2 Unarmed Combat


You had 5 spell levels left.
You didn't know any spells.

Dungeon Overview and Level Annotations

Branches:
Dungeon (5/15)
 Temple: D:4-7

Altars:
Ru
Uskayaw
Yredelemnul
The Shining One


Innate Abilities, Weirdness & Mutations

You are too large for most types of armour.
You have claws for hands.
Your metabolism is lightning-fast.
You like to eat raw meat.
Your natural rate of healing is unusually fast.
You are covered in fur. (AC +1)
You have very tough skin. (AC +2)


Message History

You feel sick. The water moccasin barely misses you.
You barely miss the water moccasin.
The water moccasin is lightly wounded.
You feel sick. The water moccasin bites you!
You are more poisoned.
The water moccasin poisons you!
Press: ? - help, v - describe, . - travel The floor.
You closely miss the orc priest. Your claw misses the orc priest.
You feel sick. The water moccasin bites you.
You are more poisoned.
The water moccasin poisons you!
The orc priest calls down the wrath of Beogh upon you.
Beogh smites you!
* * * LOW HITPOINT WARNING * * *
The water moccasin bites you!
* * * LOW HITPOINT WARNING * * *
You scratch the orc priest.
The orc priest is heavily wounded.
You die...

#.......##
#........#
#.........
#.........
#.........
#.........
#..o......
#.@S.....#
.............##
..#.........##
...##.)....##
.. #...#### .
#.### #. #.


You could see a water moccasin and an orc priest.

Vanquished Creatures
  2 orc priests
  5 orc wizards
  Robin (D:2)
  3 adders
  A shadow imp (D:5)
  An ooze (D:1)
  A dart slug (D:1)
  2 leopard geckos
  12 orcs
  4 giant cockroaches
  16 goblins
  19 hobgoblins
  A quokka (D:2)
  8 bats
  3 frilled lizards
  4 kobolds
  A quokka skeleton (D:5)
  5 rats
89 creatures vanquished.

Notes
Turn   | Place    | Note
-------+----------+-------------------------------------------
     0 | D:1      | aggelon the Troll Berserker began the quest for the Orb.
     0 | D:1      | Reached XP level 1. HP: 22/22 MP: 0/0
   142 | D:1      | Reached XP level 2. HP: 29/29 MP: 1/1
   184 | D:1      | Reached skill level 1 in Throwing
   722 | D:2      | Noticed Robin
   729 | D:1      | Reached XP level 3. HP: 36/36 MP: 2/2
   846 | D:2      | Reached ** piety under Trog
   905 | D:2      | Killed Robin
  1003 | D:2      | Reached XP level 4. HP: 41/44 MP: 3/3
  1044 | D:2      | Found a hide-covered altar of Uskayaw.
  1258 | D:2      | Found a glowing golden altar of the Shining One.
  1511 | D:3      | Reached skill level 4 in Unarmed Combat
  1602 | D:3      | Found a sacrificial altar of Ru.
  1610 | D:3      | Reached XP level 5. HP: 53/53 MP: 4/4
  1860 | D:3      | Reached *** piety under Trog
  1874 | D:3      | You fall through a shaft for 2 floors!
  1874 | D:5      | Entered Level 5 of the Dungeon
  2035 | D:5      | Found a basalt altar of Yredelemnul.
  2087 | D:5      | Reached XP level 6. HP: 61/61 MP: 5/5
  2168 | D:4      | Noticed a water moccasin
  2180 | D:5      | Reached skill level 5 in Unarmed Combat
  2235 | D:4      | HP: 2/61 [water moccasin (8)]
  2236 | D:4      | Succumbed to a water moccasin's poison

Skill      XL: |  1  2  3  4  5  6 |
---------------+-------------------+-----
Throwing       | 1 2 |  2.2
Dodging        | 3 |  3.3
Unarmed Combat | 4 5 |  5.2
Fighting       | 3 |  3.3

Action                   |  1- 3 |  4- 6 || total
-------------------------+-------+-------++-------
Melee: Unarmed           |    83 |   107 ||   190
       Punch             |     1 |     1 ||     2
 Fire: Hunting sling     |    26 |    50 ||    76
Invok: Trog's Hand       |       |     3 ||     3
       Burn Spellbooks   |       |     1 ||     1
  Use: Potion            |     4 |     3 ||     7
       Scroll            |     5 |     6 ||    11
  Eat: Chunk             |    15 |    12 ||    27
Armor: Animal skin       |    34 |    33 ||    67
Dodge: Dodged            |    52 |    39 ||    91
